 Dungeon Crawl Stone Soup version 0.24-a0-29-g43a6aff (webtiles) character file.

Game seed: 3438032033202508354

1653 Blackhawk the Skirmisher (level 9, -2/55 HPs)
             Began as a Gargoyle Gladiator on Feb 2, 2019.
             Was a Priest of Lugonu.
             Slain by Duvessa
             ... wielding a +2 short sword of speed
              (5 damage)
             ... on level 6 of the Dungeon.
             The game lasted 00:09:40 (6243 turns).

Blackhawk the Skirmisher (Gargoyle Gladiator)       Turns: 6243, Time: 00:09:41

Health: -2/55      AC: 18    Str: 20    XL:     9   Next: 0%
Magic:  11/11      EV:  9    Int: 10    God:    Lugonu [***...]
Gold:   271        SH:  0    Dex: 11    Spells: 8/8 levels left

rFire    . . .     SeeInvis .   a - +1 whip (flame)
rCold    . . .     Gourm    .   (no shield)
rNeg     + . .     Faith    .   m - +0 chain mail
rPois    ∞         Spirit   .   c - +0 helmet
rElec    +         Reflect  .   h - scarf {cloud immunity}
rCorr    .         Harm     .   (no gloves)
MR       .....                  p - +0 pair of boots
Stlth    ..........             (no amulet)
HPRegen  0.18/turn              (no ring)
MPRegen  0.12/turn              (no ring)

@: no status effects
A: negative energy resistance 1, electricity resistance, unbreathing,
petrification resistance, rot immunity, AC +6
a: Depart the Abyss, Bend Space, Banish, Renounce Religion


You were on level 6 of the Dungeon.
You worshipped Lugonu.
Lugonu was most pleased with you.
You were not hungry.

You visited 1 branch of the dungeon, and saw 6 of its levels.

You collected 271 gold pieces.

Inventory:

Hand Weapons
 a - a +1 whip of flaming (weapon)
 b - a +2 dagger of venom
 z - a +0 flail
Missiles
 d - 3 throwing nets (quivered)
Armour
 c - a +0 helmet (worn)
 g - a +0 leather armour
 h - a scarf of cloud immunity (worn)
 m - a +0 chain mail (worn)
 p - a +0 pair of boots (worn)
Wands
 r - a wand of flame (30)
 w - a wand of paralysis (10)
Scrolls
 e - 6 scrolls of identify {unknown}
 i - 4 scrolls of remove curse {unknown}
 j - a scroll of random uselessness {unknown}
 k - 2 scrolls of teleportation {unknown}
 l - 2 scrolls of enchant weapon {unknown}
 n - a scroll of noise {unknown}
 o - a scroll of enchant armour {unknown}
 s - 2 scrolls of fear {unknown}
 u - a scroll of magic mapping {unknown}
 y - a scroll of amnesia {unknown}
Potions
 q - a potion of might {unknown}
 t - a potion of brilliance
 v - 2 potions of berserk rage {unknown}
 x - a potion of cancellation {unknown}
 A - a potion of haste {unknown}
 B - a potion of resistance {unknown}
Comestibles
 f - 11 rations


   Skills:
 + Level 6.2 Fighting
 + Level 6.0 Maces & Flails
 - Level 1.7 Throwing
 + Level 5.6 Armour
 + Level 5.0 Dodging
 + Level 3.0 Invocations


You had 8 spell levels left.
You didn't know any spells.
Your spell library was empty.

Dungeon Overview and Level Annotations

Branches:
Dungeon (6/15)
 Temple: D:4-7

Altars:
Ashenzari
Gozag
Kikubaaqudgha
Nemelex Xobeh
Qazlal
Vehumet
Beogh
Lugonu

Shops:
D:5 !

Annotations:
D:6 Duvessa


Innate Abilities, Weirdness & Mutations

You are resistant to torment.
Your stone body is resilient. (AC +6)
You are immune to poison.
You resist negative energy. (rN+)
You are resistant to electric shocks. (rElec)
You can survive without breathing.
You are immune to petrification.
You are immune to rotting.


Message History

You barely miss Duvessa.
Duvessa is lightly wounded.
Duvessa is no longer berserk.
Duvessa barely misses you.
Duvessa hits you with a +2 short sword of speed.
* * * LOW HITPOINT WARNING * * *
You barely miss Duvessa.
Duvessa is lightly wounded.
Duvessa barely misses you.
You hit Duvessa but do no damage.
Duvessa is lightly wounded.
Your chain mail prevents you from hitting Duvessa.
Duvessa is lightly wounded.
Duvessa hits you but does no damage.
You hit Duvessa but do no damage.
Duvessa is lightly wounded.
Duvessa hits you but does no damage.
Your chain mail prevents you from hitting Duvessa.
Duvessa is lightly wounded.
Duvessa hits you with a +2 short sword of speed.
You die...

##'## #.# #.#
##.##
#######...##
...........#
#####.#....####
#..............
#.###@##...####
#.e..#.# #
####..## #.
#..#
#.######..#
####.........#
#.......###.##
#.#####)###.##
#$..........


You could see Duvessa.

Vanquished Creatures
  Pikel (D:5)
  2 ogres
  A centaur (D:5)
  2 bullfrogs
  A scorpion (D:4)
  Dowan (D:6)
  A howler monkey (D:4)
  4 bullfrog zombies (D:5)
  An orc priest (D:3)
  A centaur zombie (D:5)
  A centaur skeleton (D:4)
  2 hounds (D:4)
  2 bullfrog skeletons (D:4)
  An iguana (D:4)
  2 orc wizards (D:3)
  A killer bee zombie (D:5)
  A hound zombie (D:5)
  A hound skeleton (D:4)
  A worker ant zombie (D:5)
  5 adders
  3 gnolls (D:3)
  2 shadow imps
  2 adder zombies (D:5)
  A worm (D:3)
  3 dart slugs
  4 leopard geckos
  13 orcs
  2 ball pythons
  4 bats (D:1)
  8 giant cockroaches
  10 goblins
  4 hobgoblins
  6 jackals
  9 kobolds
  A quokka (D:5)
  2 frilled lizards (D:1)
  2 giant cockroach zombies (D:5)
  A jackal skeleton (D:5)
  A jackal zombie (D:5)
  A leopard gecko zombie (D:5)
  4 quokka skeletons
  9 rats
124 creatures vanquished.

Vanquished Creatures (others)
  A bullfrog zombie (D:5)
  A hound zombie (D:5)
  2 howler monkey skeletons (D:5)
  A gnoll (D:4)
  An adder zombie (D:5)
  An adder skeleton (D:5)
  An orc (D:3)
  A giant cockroach (D:5)
9 creatures vanquished.

Grand Total: 133 creatures vanquished

Notes
Turn   | Place    | Note
-------+----------+-------------------------------------------
     0 | D:1      | Blackhawk the Gargoyle Gladiator began the quest for the
                  | Orb.
     0 | D:1      | Reached XP level 1. HP: 12/12 MP: 1/1
    45 | D:1      | Found a shattered altar of Ashenzari.
    72 | D:1      | Reached XP level 2. HP: 16/18 MP: 2/2
   235 | D:1      | Reached skill level 1 in Armour
   513 | D:1      | Reached XP level 3. HP: 18/22 MP: 3/3
  1256 | D:2      | Noticed a bullfrog
  1278 | D:2      | Killed a bullfrog
  1278 | D:2      | Reached XP level 4. HP: 14/28 MP: 4/4
  1526 | D:2      | Reached XP level 5. HP: 32/32 MP: 5/5
  1713 | D:2      | Found a sparkling altar of Nemelex Xobeh.
  1723 | D:2      | Found an ancient bone altar of Kikubaaqudgha.
  1992 | D:3      | Found a roughly hewn altar of Beogh.
  2475 | D:3      | Reached XP level 6. HP: 29/38 MP: 6/6
  2736 | D:3      | Found a faded altar of an unknown god.
  2986 | D:3      | Found an opulent altar of Gozag.
  3124 | D:3      | Became a worshipper of Lugonu the Unformed
  3124 | D:3      | Reached * piety under Lugonu
  3124 | D:3      | Reached ** piety under Lugonu
  3629 | D:4      | Reached XP level 7. HP: 25/44 MP: 7/7
  3870 | D:4      | Found a stormy altar of Qazlal.
  4427 | D:5      | Entered Level 5 of the Dungeon
  4589 | D:5      | Reached skill level 5 in Maces & Flails
  4724 | D:5      | Reached skill level 5 in Fighting
  4939 | D:5      | Found a radiant altar of Vehumet.
  5013 | D:5      | Reached XP level 8. HP: 35/49 MP: 8/8
  5173 | D:5      | Reached *** piety under Lugonu
  5247 | D:5      | Reached skill level 1 in Invocations
  5248 | D:5      | Found Teifo's Distillery.
  5572 | D:5      | Noticed Pikel
  5624 | D:5      | HP: 1/50 [Pikel/+1 whip of flaming (2)]
  5627 | D:5      | Killed Pikel
  5627 | D:5      | Reached skill level 5 in Armour
  6187 | D:6      | Noticed Dowan
  6201 | D:6      | Killed Dowan
  6204 | D:6      | Reached skill level 5 in Dodging
  6204 | D:6      | Reached XP level 9. HP: 54/55 MP: 11/11
  6212 | D:6      | Noticed Duvessa
  6243 | D:6      | Slain by Duvessa

Vault maps used:
D:1:      sevenhm_arrival_forest_fort_small_3, nicolae_ashenzari_panopticon
D:2:      minitemple
D:3:      lemuel_crystal_altar, chequers_ecumenical_altar_island,
          kennysheep_orc_chapel
D:4:      grunt_qazlal_clouds, enter_ossuary_2
D:5:      serial_undead, serial_undead_c, serial_undead_a, serial_undead_b,
          serial_undead_b, serial_undead_c, serial_undead_f, serial_undead_f,
          serial_undead_a, serial_undead_f, serial_undead_a, first_ration,
          serial_shops, shop_statue, lemuel_altar_in_water, uniq_pikel
D:6:      uniq_duvessa

Skill      XL: |  1  2  3  4  5  6  7  8 |
---------------+-------------------------+-----
Armour         | 1 2 3 4 5 |  5.6
Fighting       | 3 4 5 6 |  6.2
Dodging        | 3 4 5 |  5.0
Maces & Flails | 4 5 6 |  6.0
Invocations    | 3 |  3.0
Throwing       | |  1.7

Action                   |  1- 3 |  4- 6 |  7- 9 || total
-------------------------+-------+-------+-------++-------
Melee: Flail             |   129 |   192 |   261 ||   582
       Whip              |       |       |    37 ||    37
  Use: Potion            |     1 |     2 |     1 ||     4
 Stab: Invisible         |       |     2 |       ||     2
  Eat: Chunk             |     1 |     8 |     6 ||    15
       Ration            |       |       |     1 ||     1
Armor: Leather armour    |    59 |       |       ||    59
       Chain mail        |    33 |   184 |   403 ||   620
Dodge: Dodged            |    98 |    95 |   303 ||   496

Table legend:
 A = Non-vault XP
 B = Vault XP
 C = Vault XP percentage of total XP
 D = Non-vault monster count
 E = Vault monster count
 F = Vault count percentage of total count
                 A         B        C        D         E       F
            +---------+---------+-------+---------+---------+-------
      Total |    1238 |    1124 |  47.6 |     102 |      24 |  19.0
            +---------+---------+-------+---------+---------+-------
        D:1 |      57 |       0 |   0.0 |      33 |       0 |   0.0
        D:2 |     122 |       0 |   0.0 |      12 |       0 |   0.0
        D:3 |     130 |      79 |  37.8 |      23 |       4 |  14.8
        D:4 |     564 |       0 |   0.0 |      23 |       0 |   0.0
        D:5 |     264 |     976 |  78.7 |       9 |      19 |  67.9
        D:6 |     101 |      69 |  40.6 |       2 |       1 |  33.3
            +---------+---------+-------+---------+---------+-------
